 Dungeon Crawl Stone Soup version 0.17-a0-1646-geb1493d (webtiles) character file.

76 LilCorpsy the Poker (level 4, 0/33 HPs)
             Began as a Merfolk Gladiator on Aug 11, 2015.
             Slain by an orc
             ... wielding a +0 flail
              (7 damage)
             ... on level 3 of the Dungeon.
             The game lasted 00:03:07 (1531 turns).

LilCorpsy the Poker (Merfolk Gladiator)             Turns: 1531, Time: 00:03:07

Health: 0/33       AC:  6    Str: 15    XL:     4   Next: 32%
Magic:  4/4        EV: 13    Int:  7    God:
Gold:   57         SH:  0    Dex: 15    Spells: 0 memorised, 3 levels left

rFire  + . .     SeeInvis .     a - +0 trident
rCold  . . .     Clarity  .     b - +0 leather armour
rNeg   . . .     SustAt   .     (no shield)
rPois  .         Gourm    .     c - +0 helmet
rElec  .         Spirit   .     q - +0 cloak
rCorr  .         Warding  .     j - +0 pair of gloves
rMut   .         Stasis   .     (no boots)
MR     .....                    (no amulet)
Stlth  +.........               (no ring)
                                h - ring of protection from fire

@: not resistant to hostile enchantments, very unstealthy
A: change form in water, swift swim
a: no special abilities


You were on level 3 of the Dungeon.
You were not hungry.

You visited 1 branch of the dungeon, and saw 3 of its levels.

You collected 57 gold pieces.

Inventory:

Hand weapons
 a - a +0 trident (weapon)
Missiles
 d - 3 throwing nets (quivered)
Armour
 b - a +0 leather armour (worn)
 c - a +0 helmet (worn)
 j - a +0 pair of gloves (worn)
 q - a +0 cloak (worn)
Jewellery
 f - an uncursed ring of protection from cold {unknown}
 h - a ring of protection from fire (left hand)
Scrolls
 g - 3 scrolls of identify {unknown}
 i - a scroll of magic mapping {unknown}
 l - 2 scrolls of remove curse {unknown}
 n - a scroll of teleportation {unknown}
 o - a scroll of amnesia {unknown}
 p - 3 scrolls of immolation {unknown}
Potions
 k - 3 potions of heal wounds
 r - a potion of curing {unknown}
 s - a potion of lignification {unknown}
Comestibles
 e - 2 bread rations
 m - 3 meat rations


   Skills:
 - Level 2.1 Fighting
 * Level 7.3 Polearms
 - Level 2.0 Throwing
 - Level 4.0 Dodging


You had 3 spell levels left.
You didn't know any spells.

Dungeon Overview and Level Annotations

Branches:
Dungeon (3/15)

Altars:
Elyvilon
Nemelex Xobeh
Xom
Zin


Message History

The bat hits you but does no damage. The orc completely misses you.
You hit the orc but do no damage. The bat closely misses you.
The orc priest hits you but does no damage.
The orc hits you with a flail.
You barely miss the orc. The bat closely misses you.
The bat hits you but does no damage. The orc priest misses you.
You feel much better. The bat misses you. The bat closely misses you.
The orc barely misses you.
The orc priest hits you but does no damage.
You hit the orc.
The orc is severely wounded.
The bat completely misses you. The orc hits you with a flail!
The orc priest calls upon Beogh to heal the orc.
The orc's wounds heal themselves!
You barely miss the orc. The bat misses you.
The orc priest mumbles some strange prayers to Beogh against you.
Something smites you!
* * * LOW HITPOINT WARNING * * *
The orc hits you with a flail!
You die...

..... ... .#. ....
#..##... ...#........
.....#....## .
..#........ .##
##......#..###..#
#..b..# #........
#.oo).###......##
#.....#@.##.........#
#o..o##..##.........#
...o.. #..##..........
...b...#.†##..........
##...#................
#.. ###...###.....#.
##. #.#...#.....#
#.###.#.##### #.#
#....>#


You could see an orc priest, an orc and a bat.

Vanquished Creatures
  An orc priest (D:3)
  An adder (D:3)
  2 oozes (D:1)
  A worm (D:2)
  An orc (D:3)
  A ball python (D:1)
  5 bats
  2 giant cockroaches
  4 goblins
  2 hobgoblins (D:1)
  A giant newt (D:1)
  2 kobolds
  11 rats
34 creatures vanquished.

Notes
Turn   | Place    | Note
--------------------------------------------------------------
     0 | D:1      | LilCorpsy the Merfolk Gladiator began the quest for the Orb.
     0 | D:1      | Reached XP level 1. HP: 16/16 MP: 1/1
   212 | D:1      | Reached skill level 5 in Polearms
   259 | D:1      | Reached XP level 2. HP: 22/22 MP: 2/2
   448 | D:1      | Reached XP level 3. HP: 27/27 MP: 3/3
   478 | D:1      | Reached skill level 6 in Polearms
   795 | D:2      | Found a glowing silver altar of Zin.
  1046 | D:2      | Found a shimmering altar of Xom.
  1220 | D:2      | Found a white marble altar of Elyvilon.
  1220 | D:2      | Found a sparkling altar of Nemelex Xobeh.
  1522 | D:3      | Reached skill level 7 in Polearms
  1522 | D:3      | Reached XP level 4. HP: 20/33 MP: 4/4
  1531 | D:3      | Slain by an orc

Vault maps used:
D:1:      dpeg_arrival_castle
D:2:      zin_academy, lemuel_round_altar, gammafunk_temple_overflow_elements,
          nrook_mini_vaults
D:3:      bloody_trog, first_bread

Action                   |  1- 3 |  4- 6 || total
-------------------------+-------+-------++-------
Melee: Trident           |    85 |     8 ||    93
  Use: Potion            |     1 |     1 ||     2
 Stab: Sleeping          |     4 |       ||     4
  Eat: Pizza             |     1 |       ||     1
